 Dungeon Crawl Stone Soup version 0.26.0-18-gc5c842f807 (webtiles) character file.

Game seed: 12728663575412316993

116 Phong the Chopper (level 4, -5/33 HPs)
             Began as a Demonspawn Gladiator on Jan 23, 2021.
             Slain by Grinder (7 damage)
             ... while paralysed by Grinder
             ... on level 4 of the Dungeon.
             The game lasted 00:04:53 (2769 turns).

Phong the Chopper (Demonspawn Gladiator)            Turns: 2769, Time: 00:04:54

Health: -5/33      AC: 10    Str: 15    XL:     4   Next: 70%
Magic:  4/4        EV:  2    Int:  9    God:
Gold:   111        SH:  0    Dex: 15    Spells: 3/3 levels left

rFire    . . .     SeeInvis .   a - +0 war axe
rCold    . . .     Faith    .   (no shield)
rNeg     . . .     Spirit   .   f - +0 ring mail
rPois    .         Reflect  .   q - +2 helmet
rElec    .         Harm     .   (no cloak)
rCorr    .         Rampage  .   l - +0 pair of gloves
Will     .....                  p - +0 pair of boots
Stlth    +.........             (no amulet)
HPRegen  0.11/turn              (no ring)
MPRegen  0.09/turn              (no ring)

@: paralysed
A: repulsion field 2, miasma immunity
a: no special abilities


You were on level 4 of the Dungeon.
You visited 1 branch of the dungeon, and saw 4 of its levels.

You collected 111 gold pieces.

Inventory:

Hand Weapons
 a - a +0 war axe (weapon)
Missiles
 d - 3 throwing nets (quivered)
 g - 93 stones
 j - 69 sling bullets
Armour
 b - a +0 leather armour
 c - a +0 helmet
 f - a +0 ring mail (worn)
 l - a +0 pair of gloves (worn)
 p - a +0 pair of boots (worn)
 q - a +2 helmet (worn)
Jewellery
 k - an uncursed amulet of the acrobat {unknown}
Scrolls
 e - 2 scrolls of remove curse
 i - 2 scrolls of teleportation
 r - a scroll of magic mapping {unknown}
 t - a scroll of amnesia {unknown}
 u - a scroll of enchant weapon {unknown}
Potions
 h - 3 potions of brilliance
 m - a potion of mutation {unknown}
 n - 5 potions of heal wounds
 o - a potion of might {unknown}
 s - a potion of curing {unknown}


   Skills:
 - Level 2.0 Fighting
 * Level 4.2 Axes
 - Level 2.0 Throwing
 + Level 1.9 Armour
 - Level 3.0 Dodging


You had 3 spell levels left.
You didn't know any spells.
Your spell library was empty.

Dungeon Overview and Level Annotations

Branches:
Dungeon (4/15)
 Temple: D:4-7

Altars:
The Shining One

Annotations:
D:4 Grinder


Innate Abilities, Weirdness & Mutations

You are surrounded by a moderate repulsion field. (EV +3)
You are immune to miasma.


Message History

You barely miss Grinder.
Grinder is moderately wounded.
Grinder says, "You look like you could use a good racking."
Grinder hits you!
You writhe in agony.
You hit Grinder but do no damage.
Grinder is moderately wounded.
Grinder hits you but does no damage. Grinder gestures at you.
You resist with significant effort.
Unknown command.
You closely miss Grinder.
Grinder is moderately wounded.
Grinder gestures at you.
You suddenly lose the ability to move!
Grinder hits you!
* * * LOW HITPOINT WARNING * * *
You writhe in agony.
* * * LOW HITPOINT WARNING * * *
Grinder hits you!
You die...

# ###........# #.
...###....# #..
#.###....### #
#..###...........
#.
#..........######
##.#..........#
......##......#
#...#......#
#..5@......+
#............#
##...........#
#..>....###+##
....#.#### .##.#.
# .. ###


You could see Grinder.

Vanquished Creatures
  A worker ant (D:4)
  An adder (D:3)
  An ooze (D:1)
  2 worms
  2 dart slugs (D:1)
  2 leopard geckos
  3 orcs (D:3)
  5 giant cockroaches
  9 hobgoblins
  4 jackals (D:3)
  6 kobolds
  A quokka (D:3)
  7 bats
  3 frilled lizards
  8 goblins
  5 rats
60 creatures vanquished.

Notes
Turn   | Place    | Note
-------+----------+-------------------------------------------
     0 | D:1      | Phong the Demonspawn Gladiator began the quest for the Orb.
     0 | D:1      | Reached XP level 1. HP: 16/16 MP: 1/1
   168 | D:1      | Gained mutation: You are surrounded by a mild repulsion
                  | field. (EV +2) [demonic ancestry]
   168 | D:1      | Reached XP level 2. HP: 22/22 MP: 2/2
   186 | D:1      | Reached skill level 3 in Axes
   619 | D:1      | Reached skill level 1 in Armour
   787 | D:1      | Gained mutation: You are surrounded by a moderate repulsion
                  | field. (EV +3) [demonic ancestry]
   787 | D:1      | Reached XP level 3. HP: 20/27 MP: 3/3
  1618 | D:2      | Found a glowing golden altar of the Shining One.
  2140 | D:3      | Gained mutation: You are immune to miasma. [demonic
                  | ancestry]
  2140 | D:3      | Reached XP level 4. HP: 31/33 MP: 4/4
  2504 | D:3      | Reached skill level 4 in Axes
  2762 | D:4      | Noticed Grinder
  2767 | D:4      | Paralysed by Grinder for 3 turns
  2769 | D:4      | Slain by Grinder

Illustrated notes

Levels and vault maps discovered:
D:1:      minmay_arrival_diagonal_passages, layout_loops_corners
D:2:      layout_loops_corners, lemuel_crystal_altar
D:3:      layout_loops_cross
D:4:      layout_basic, minmay_temple_entry_enclosed_plants, minmay_liquid_box,
          due_unseen_surprise, uniq_grinder

Skill      XL: |  1  2  3  4 |
---------------+-------------+-----
Axes           | 3 4 |  4.2
Throwing       | 2 |  2.0
Armour         | 1 |  1.9
Dodging        | 3 |  3.0
Fighting       | |  2.0

Action                   |  1- 3 |  4- 6 || total
-------------------------+-------+-------++-------
Melee: War axe           |   124 |    57 ||   181
  Use: Scroll            |     5 |       ||     5
Armor: Ring mail         |    32 |    15 ||    47
Dodge: Dodged            |    84 |    52 ||   136
